 Dungeon Crawl Stone Soup version 0.30.0-29-ga12c61a403 (webtiles) character file.

Game seed: 4428782323910255671

14196 Graphine the Protected (level 11, -9/157 HPs)
             Began as an Armataur Berserker on June 21, 2023.
             Was an Elder of Trog.
             Mangled by a purple draconian
             ... wielding a +0 short sword
              (12 damage)
             ... on level 1 of the Abyss.
             The game lasted 00:17:36 (9284 turns).

Graphine the Protected (Armataur Berserker)         Turns: 9284, Time: 00:17:37

Health: -9/157     AC: 13    Str: 26    XL:     11   Next: 85%
Magic:  3/3        EV:  9    Int:  8    God:    Trog [****..]
Gold:   473        SH:  0    Dex: 13    Spells: 10/10 levels left

rFire   . . .        i - +5 flail (antimagic)
rCold   . . .        (no shield)
rNeg    + . .        u - +4 ring mail of the Wilderness {Dex+3}
rPois   .            (no helmet)
rElec   .            y - +0 cloak
rCorr   .            (no gloves)
SInv    .            (no barding)
Will    ++...        (no amulet) Stlth
                     j - ring of positive energy
HPRegen 1.46/turn    B - ring of flight
MPRegen 0.08/turn

%: roll
@: berserking, strong-willed, flying, regenerating, very quick
A: large, rugged brown scales 3, deformed body, armoured tail, roll, long
tongue, awkward tongue
a: Renounce Religion, Berserk, Trog's Hand, Brothers in Arms


You were on level 1 of the Abyss.
You worshipped Trog.
Trog was greatly pleased with you.
You visited 1 branch of the dungeon, and saw 10 of its levels.
You visited the Abyss 1 time.
You also visited: Sewer.

You collected 637 gold pieces.
You spent 164 gold pieces at shops.

Inventory:

Hand Weapons
 a - a +0 spectral mace
 f - a +1 short sword of venom
 g - a +4 dire flail
 i - a +5 antimagic flail (weapon)
 r - a +2 long sword of holy wrath
Armour
 u - the +4 ring mail of the Wilderness (worn) {Dex+3}
   (You took it off an orc on level 4 of the Dungeon)

   Dex:       It affects your dexterity (+3).
 y - a +0 cloak (worn)
 C - a +3 chain mail
Jewellery
 j - a ring of positive energy (left hand)
 B - a ring of flight (right hand)
 E - an amulet of reflection
Wands
 d - a wand of light (9)
 q - a wand of charming (19)
 z - a wand of polymorph (16)
Scrolls
 b - a scroll of fog
 e - 3 scrolls of identify
 k - 2 scrolls of blinking
 o - 2 scrolls of magic mapping
 v - a scroll of enchant armour
 A - a scroll of silence
 F - a scroll of teleportation
 G - a scroll of fear
Potions
 c - 3 potions of curing
 h - 2 potions of magic
 l - 2 potions of might
 m - a potion of flight
 n - 5 potions of brilliance
 p - a potion of haste
 s - a potion of lignification
 t - 5 potions of mutation
 w - 2 potions of attraction
 x - a potion of ambrosia
 D - a potion of cancellation


   Skills:
 + Level 10.0 Fighting
 + Level 10.0 Maces & Flails
 + Level 12.6 Armour
 - Level 1.3 Dodging
 + Level 11.3 Shields


You had 10 spell levels left.
You didn't know any spells.
Your spell library was empty.

Dungeon Overview and Level Annotations

Branches:
Dungeon (10/15)            Temple (0/1) D:6            Lair (0/5) D:8
  Sewer (visited)
    Orc: D:9-12

Altars:
Dithmenos
Makhleb
Okawaru
Qazlal
Wu Jian
Xom
Yredelemnul

Shops:
D:5 ?   D:7 ?*

Annotations:
D:10 Erolcha


Innate Abilities, Weirdness & Mutations

You are completely covered in rugged brown scales. (AC +3, +7% HP)
Armour fits poorly on your strangely shaped body.
You have a long armoured tail.
You roll when moving toward enemies. (Rampage)
Your long tongue fully drains potion bottles. (2x potion effects)
Your tongue gives you trouble enunciating. (1.5x scroll delay)


Message History

You closely miss the purple draconian. You tail-slap the purple draconian.
The purple draconian is moderately wounded.
The purple draconian hits you with a +0 short sword.
The large abomination hits you!
You sock the purple draconian!
The purple draconian is moderately wounded.
The smoke demon hits you but does no damage. x2
The smoke demon completely misses you.
The purple draconian breathes dispelling energy at you.
The bolt of dispelling energy hits you!!
You thump the purple draconian!
The purple draconian is heavily wounded.
The smoke demon barely misses you.
The smoke demon hits you but does no damage. x2
The large abomination hits you but does no damage.
The purple draconian hits you with a +0 short sword.
* * * LOW HITPOINT WARNING * * *
A red film seems to cover your vision as you go berserk!
You feel yourself moving faster!
You feel mighty! The smoke demon gestures at you. The ball of steam hits you!!
* * * LOW HITPOINT WARNING * * *
The large abomination completely misses you.
The purple draconian hits you with a +0 short sword!
* * * LOW HITPOINT WARNING * * *
You are too berserk!
You sock the purple draconian! You tail-slap the purple draconian!
The purple draconian is severely wounded.
You are engulfed in a cloud of scalding steam.
* * * LOW HITPOINT WARNING * * *
The smoke demon gestures at you. The ball of steam hits you!
* * * LOW HITPOINT WARNING * * *
The purple draconian barely misses you.
You closely miss the purple draconian.
The purple draconian is severely wounded.
You thump the purple draconian!
The purple draconian is severely wounded.
The purple draconian hits you with a +0 short sword!
You die...

... ... .. ...
#.# ##.## ##.
...###...###....
....#.....#..#
..........# . .
#ยง3d@.# #. ..
##.X.### # #.# .
##.##.##..# ...
##...
##...#......
.#.. .#.....##
..
.............# #
....#......#
#...###...### #
.## ##.#


You could see a purple draconian, a large abomination and a smoke demon.

Vanquished Creatures
  A two-headed ogre (D:10)
  The ghost of skidoiboi the Cleaver, a novice DrBe of Trog (D:8)
  A dancing weapon (D:6)
  The ghost of Quickbrownfox the Destroyer, a novice DsCj of Vehumet (D:8)
  The ghost of Peloso the Carver, a novice MiFi (D:8)
  The ghost of MartinW the Arsonist, a novice DEFE of Vehumet (D:8)
  A wolf spider zombie (D:8)
  3 centaur zombies (D:8)
  The ghost of keni the Summoner, a novice DESu (D:6)
  Maggie (D:8)
  A centaur skeleton (D:8)
  2 hellwings (D:8)
  A hornet (D:7)
  Grinder (D:3)
  Sigmund (D:3)
  A wyvern (D:9)
  A vampire (D:10)
  5 yaks (D:9)
  2 steam dragons
  A small abomination (Abyss:1)
  3 wargs (D:8)
  3 water moccasins
  2 orc warriors (D:9)
  2 ice beasts (D:7)
  2 hornet zombies (D:8)
  2 black bears (D:6)
  4 sky beasts
  3 ogres
  2 centaurs
  A phantom (D:6)
  A kobold brigand (D:8)
  2 gnoll sergeants
  2 bullfrogs
  3 wights (D:7)
  3 killer bees (D:8)
  2 howler monkeys (D:9)
  3 crimson imps (D:6)
  6 orc priests
  5 hounds
  A sleepcap (D:6)
  2 gnoll boudas (D:5)
  2 iguanas
  10 orc wizards
  A hell rat (Sewer)
  24 gnolls
  4 adders
  A river rat (Sewer)
  7 shadow imps
  A white imp (D:6)
  2 worms
  7 dart slugs
  25 orcs
  3 bats
  5 endoplasms
  A giant cockroach (D:3)
  7 goblins
  8 hobgoblins
  4 jackals (D:4)
  4 quokkas
  9 ball pythons
  4 frilled lizards
  7 kobolds
  6 rats
224 creatures vanquished.

Notes
Turn   | Place    | Note
-------+----------+-------------------------------------------
     0 | D:1      | Graphine the Armataur Berserker began the quest for the
                  | Orb.
     0 | D:1      | Reached XP level 1. HP: 19/19 MP: 1/1
    53 | D:1      | Reached XP level 2. HP: 22/26 MP: 2/2
   116 | D:1      | Reached skill level 1 in Shields
   331 | D:1      | Reached ** piety under Trog
   332 | D:1      | Reached skill level 3 in Armour
   429 | D:1      | Reached XP level 3. HP: 33/33 MP: 3/3
  1016 | D:2      | Identified the +1 war axe of the Final Chapter {freeze,
                  | rCorr}
  1202 | D:3      | Reached XP level 4. HP: 36/40 MP: 1/4
  1285 | D:3      | Noticed Grinder
  1300 | D:3      | Killed Grinder
  1301 | D:3      | Reached skill level 4 in Armour
  1301 | D:3      | Reached XP level 5. HP: 18/49 MP: 1/5
  1301 | D:3      | Reached XP level 6. HP: 21/55 MP: 2/6
  1517 | D:3      | Noticed Sigmund
  1543 | D:3      | Killed Sigmund
  1571 | D:3      | Found a faded altar of an unknown god.
  2129 | D:4      | Identified the +4 ring mail of the Wilderness {Dex+3}
  2138 | D:4      | Reached *** piety under Trog
  2541 | D:4      | You fall into a shaft and drop 1 floor!
  2541 | D:5      | Entered Level 5 of the Dungeon
  2595 | D:5      | Reached skill level 5 in Armour
  2595 | D:5      | Reached XP level 7. HP: 63/63 MP: 2/7
  2648 | D:5      | Found Joan's Magic Scroll Shop.
  2798 | D:5      | Found an ornate altar of the Wu Jian Council.
  3330 | D:4      | Reached skill level 10 in Armour
  3330 | D:4      | Reached XP level 8. HP: 80/80 MP: 2/8
  3330 | D:4      | Reached XP level 9. HP: 87/87 MP: 3/9
  3520 | D:5      | Found a basalt altar of Yredelemnul.
  3520 | D:5      | Found a burning altar of Makhleb.
  3915 | D:6      | Found a glowing drain.
  3922 | Sewer    | Entered a sewer
  3939 | Sewer    | Reached **** piety under Trog
  4489 | D:6      | Found a shimmering altar of Xom.
  4569 | D:6      | Reached XP level 10. HP: 90/96 MP: 3/10
  4659 | D:6      | Found an iron altar of Okawaru.
  4665 | D:6      | Found a shadowy altar of Dithmenos.
  4679 | D:6      | Found a staircase to the Ecumenical Temple.
  4840 | D:6      | Found a runed translucent door.
  4840 | D:6      | Found a shimmering altar of Xom.
  4840 | D:6      | Noticed keni's ghost (novice DESu)
  4843 | D:6      | Noticed a +2 falchion of chaos
  4974 | D:6      | Killed a +2 falchion of chaos
  4975 | D:6      | Reached skill level 11 in Armour
  4979 | D:6      | Killed keni's ghost
  5140 | D:7      | Found Ceorch's Magic Scroll Emporium.
  5147 | D:7      | Bought a scroll of enchant weapon for 82 gold pieces
  5147 | D:7      | Bought a scroll of enchant weapon for 82 gold pieces
  5364 | D:7      | Paralysed by a hornet for 2 turns
  5372 | D:7      | Reached skill level 10 in Shields
  5566 | D:7      | Found Orreonozith's CLEARANCE SALE!.
  6025 | D:8      | Found a runed translucent gate.
  6025 | D:8      | Found a runed translucent gate.
  6025 | D:8      | Found a runed translucent gate.
  6027 | D:8      | Noticed Quickbrownfox's ghost (novice DsCj)
  6027 | D:8      | Noticed MartinW's ghost (novice DEFE)
  6028 | D:8      | Noticed Peloso's ghost (novice MiFi)
  6028 | D:8      | Noticed skidoiboi's ghost (novice DrBe)
  6141 | D:8      | Killed Quickbrownfox's ghost
  6149 | D:8      | Killed MartinW's ghost
  6159 | D:8      | Killed skidoiboi's ghost
  6160 | D:8      | Reached XP level 11. HP: 98/103 MP: 3/11
  6166 | D:8      | Killed Peloso's ghost
  6464 | D:8      | Noticed Maggie
  6484 | D:8      | Reached skill level 12 in Armour
  6488 | D:8      | HP: 3/154 [Maggie/bolt of fire (19)]
  6490 | D:8      | Killed Maggie
  6492 | D:8      | HP: 1/103 [hornet zombie (2)]
  6518 | D:8      | HP: 4/103 [hornet zombie (4)]
  6876 | D:8      | Found a staircase to the Lair.
  8412 | D:9      | Found a stormy altar of Qazlal.
  8672 | D:10     | Entered Level 10 of the Dungeon
  8768 | D:10     | Noticed a two-headed ogre
  8778 | D:10     | Killed a two-headed ogre
  8779 | D:10     | Reached skill level 10 in Fighting
  8779 | D:10     | Reached skill level 10 in Maces & Flails
  9134 | D:10     | Noticed Erolcha
  9157 | Abyss:1  | Cast into level 1 of the Abyss (Erolcha)
  9256 | Abyss:1  | Found a corrupted altar of Lugonu.
  9266 | Abyss:1  | Noticed a purple draconian
  9281 | Abyss:1  | HP: 1/157 [smoke demon/ball of steam (10)]
  9284 | Abyss:1  | Mangled by a purple draconian

Illustrated notes

Levels and vault maps discovered:
D:1:      wander_arrival_desolate, layout_rooms
D:2:      layout_loops_ring
D:3:      layout_rooms, hellmonk_ecumenical_altar_lost_god, st_stairs_10,
          uniq_grinder, uniq_sigmund
D:4:      layout_basic
D:5:      layout_basic, kennysheep_mini_moat, gammafunk_temple_overflow_wave,
          serial_shops, nicolae_shop_tiny_real_fake_doors
D:6:      layout_basic, led_xom_imps, grunt_temple_overflow_open,
          minmay_temple_entry_junction, ebering_ghost_xom,
          cheibrodos_sewer_entry_drain
D:7:      nicolae_cairo_tiling_very_big, layout_basic, serial_shops,
          nicolae_shop_stone, nicolae_shop_clearance
D:8:      cheibrodos_grave_circle, layout_loops_ring, erik_lair_orcish_takeover,
          gammafunk_ghost_cemetery, uniq_maggie
D:9:      layout_long_grid, nicolae_qazlal_style_of_elements,
          chequers_serial_rivers_small_b, hex_medium
D:10:     layout_loops_ring, uniq_erolcha
Abyss:1:  base: D:4, base:
D:4

Skill      XL: |  1  2  3  4  5  6  7  8  9 10 11 |
---------------+----------------------------------+-----
Shields        | 1 3 9 10 11 | 11.3
Fighting       | 3 4 8 9 10 | 10.0
Maces & Flails | 3 4 8 9 10 | 10.0
Armour         | 3 4 5 10 11 12 | 12.6
Dodging        | |  1.3

Action                     |  1- 3 |  4- 6 |  7- 9 | 10-12 || total
---------------------------+-------+-------+-------+-------++-------
  Melee: Mace              |    64 |     7 |       |       ||    71
         Tailslap          |    11 |     9 |    20 |    67 ||   107
         Flail             |    27 |   105 |   147 |   440 ||   719
         Punch             |       |     1 |     2 |     6 ||     9
         Unarmed           |       |       |       |    16 ||    16
 Invoke: Berserk           |       |       |     1 |     6 ||     7
         Trog's Hand       |       |       |       |     3 ||     3
    Use: Scroll            |     6 |     5 |     3 |    14 ||    28
         Potion            |       |     1 |     1 |     4 ||     6
   Stab: Sleeping          |     1 |       |       |       ||     1
 Armour: Animal skin       |    24 |    15 |       |       ||    39
         Ring mail         |       |    17 |    66 |   262 ||   345
         Leather armour    |       |     9 |       |       ||     9
  Dodge: Dodged            |    40 |    39 |    78 |   186 ||   343
